 Dungeon Sprint DCSS version 0.26-a0-658-gbdda728c12 (webtiles) character file.

Game seed: 7491470990894873874

731 mhtbhm the Slicer (level 8, 0/90 HPs)
             Began as a Kobold Berserker on Oct 5, 2020.
             Was a High Priest of Trog.
             Slain by a boulder beetle (8 damage)
             ... while petrified by you
             ... in the Dungeon (Sprint IX: "|||||||||||||||||||||||||||||").
             The game lasted 00:01:09 (471 turns).

mhtbhm the Slicer (Kobold Berserker)                 Turns: 471, Time: 00:01:10

Health: 0/90       AC: 13    Str: 20    XL:     8   Next: 3%
Magic:  8/8        EV:  3    Int:  8    God:    Trog [*****.]
Gold:   0          SH:  0    Dex: 14    Spells: 7/7 levels left

rFire    . . .     SeeInvis .   a - +2 rapier "Obukoun" {vorpal, *Rage rC+ MR+}
rCold    + . .     Faith    .   (shield restricted)
rNeg     + + +     Spirit   .   b - +1 chain mail
rPois    ∞         Reflect  .   l - +0 helmet
rElec    .         Harm     .   (no cloak)
rCorr    .         Rampage  .   m - +0 pair of gloves
MR       +....     Rnd*Rage +   (no boots) Stlth ..........NoTele +
                                (no amulet)
HPRegen  0.25/turn              n - +3 ring of strength
MPRegen  0.11/turn              o - +2 ring of evasion

@: berserking (expiring), petrified
A: small, nightstalker 3
a: Berserk, Trog's Hand, Brothers in Arms, Renounce Religion


You were in the Dungeon.
You worshipped Trog.
Trog was extremely pleased with you.
You visited 1 branch

Inventory:

Hand Weapons
 a - the +2 rapier "Obukoun" (weapon) {vorpal, *Rage rC+ MR+}
   (You found it in the Dungeon)

   It inflicts extra damage upon your enemies.
   It protects you from cold.
   It affects your resistance to hostile enchantments.
   It may make you go berserk in combat.
Armour
 b - a +1 chain mail (worn)
 l - a +0 helmet (worn)
 m - a +0 pair of gloves (worn)
Jewellery
 n - a +3 ring of strength (left hand)
 o - a +2 ring of evasion (right hand)
Wands
 k - a wand of acid (10)
Scrolls
 h - 2 scrolls of blinking
 j - 3 scrolls of remove curse
Potions
 c - 5 potions of curing
 d - 2 potions of heal wounds
 e - a potion of haste
 f - 4 potions of magic
 g - a potion of berserk rage
 i - a potion of invisibility


   Skills:
 + Level 11.2 Fighting
 + Level 13.5 Short Blades
 + Level 4.9 Armour
 + Level 7.0 Dodging
 + Level 1.0 Stealth


You had 7 spell levels left.
You didn't know any spells.
Your spell library was empty.

Dungeon Overview and Level Annotations

Branches:
Dungeon (1/1)

Altars:
Cheibriados
Dithmenos
Elyvilon
Fedhas
Gozag
Hepliaklqana
Kikubaaqudgha
Makhleb
Nemelex Xobeh
Okawaru
Qazlal
Ru
Sif Muna
Trog
Uskayaw
Vehumet
Wu Jian
Xom
Yredelemnul
Zin
The Shining One
Beogh
Jiyva
Lugonu


Innate Abilities, Weirdness & Mutations

You are small and have problems with some larger weapons.
You are completely attuned to the shadows.


Message History

The boulder beetle completely misses you.
The catoblepas breathes a plume of calcifying dust at you.
The blast of calcifying dust hits something but does no damage.
The blast of calcifying dust hits you.
* * * LOW HITPOINT WARNING * * *
You hit the boulder beetle.
The boulder beetle is moderately wounded.
You are engulfed in calcifying dust.
You puncture the boulder beetle!
The boulder beetle is heavily wounded.
You are engulfed in calcifying dust.
You are slowing down.
You hit the boulder beetle.
The boulder beetle is heavily wounded.
You are engulfed in calcifying dust.
Your limbs have turned to stone.
The boulder beetle bites you!
* * * LOW HITPOINT WARNING * * *
You have turned to stone.
You are engulfed in calcifying dust.
The boulder beetle bites you!
You die...

▓c▓
▓Y▓
▓.▓
▓§▓
▓{▓
▓@▓
▓B▓
▓.▓
▓.▓
▓)▓
▓.▓
▓'▓
▓.▓
▓.▓


You could see a boulder beetle.

Vanquished Creatures
  An ugly thing (D)
  A black bear (D)
  2 ogres (D)
  2 worker ants (D)
  A white imp (D)
  A leopard gecko (D)
  2 orcs (D)
  A bat skeleton (D)
  A giant cockroach (D)
  2 goblins (D)
  A hobgoblin (D)
  A jackal (D)
  A quokka skeleton (D)
17 creatures vanquished.

Notes
Turn   | Place    | Note
-------+----------+-------------------------------------------
     0 | D        | mhtbhm the Kobold Berserker began the quest for the Orb.
     0 | D        | Reached XP level 1. HP: 14/14 MP: 1/1
    10 | D        | Reached ** piety under Trog
    14 | D        | Reached skill level 5 in Short Blades
    14 | D        | Reached XP level 2. HP: 20/20 MP: 2/2
    62 | D        | Reached *** piety under Trog
    68 | D        | Reached skill level 5 in Fighting
    68 | D        | Reached skill level 6 in Short Blades
    68 | D        | Reached XP level 3. HP: 26/26 MP: 3/3
    78 | D        | Found a roughly hewn altar of Beogh.
    78 | D        | Found a snail-covered altar of Cheibriados.
    78 | D        | Found a shadowy altar of Dithmenos.
    79 | D        | Found a white marble altar of Elyvilon.
    80 | D        | Found a blossoming altar of Fedhas.
    81 | D        | Found an opulent altar of Gozag.
    82 | D        | Found a hazy altar of Hepliaklqana.
    83 | D        | Found a viscous altar of Jiyva.
    84 | D        | Found an ancient bone altar of Kikubaaqudgha.
    85 | D        | Found a corrupted altar of Lugonu.
    86 | D        | Found a burning altar of Makhleb.
    87 | D        | Found a sparkling altar of Nemelex Xobeh.
    88 | D        | Found an iron altar of Okawaru.
    89 | D        | Found a stormy altar of Qazlal.
    90 | D        | Found a sacrificial altar of Ru.
    91 | D        | Found a shimmering blue altar of Sif Muna.
    92 | D        | Found a bloodstained altar of Trog.
    93 | D        | Found a hide-covered altar of Uskayaw.
    94 | D        | Found a radiant altar of Vehumet.
    95 | D        | Found an ornate altar of the Wu Jian Council.
    96 | D        | Found a shimmering altar of Xom.
    97 | D        | Found a basalt altar of Yredelemnul.
    98 | D        | Found a glowing silver altar of Zin.
    99 | D        | Found a glowing golden altar of the Shining One.
   113 | D        | Got the +2 rapier "Obukoun" {vorpal, *Rage rC+ MR+}
   251 | D        | Noticed a black bear
   254 | D        | Killed a black bear
   254 | D        | Reached **** piety under Trog
   254 | D        | Reached skill level 9 in Short Blades
   254 | D        | Reached XP level 4. HP: 34/34 MP: 4/4
   254 | D        | Reached XP level 5. HP: 38/38 MP: 5/5
   257 | D        | Noticed an ogre
   257 | D        | Noticed an ogre
   262 | D        | Killed an ogre
   262 | D        | Reached skill level 10 in Short Blades
   262 | D        | Reached skill level 5 in Dodging
   262 | D        | Reached XP level 6. HP: 39/45 MP: 6/6
   266 | D        | Killed an ogre
   266 | D        | Reached skill level 11 in Short Blades
   446 | D        | Noticed a vampire
   446 | D        | Noticed a boulder beetle
   447 | D        | Noticed a cyan ugly thing
   449 | D        | Noticed a catoblepas
   463 | D        | Killed a cyan ugly thing
   463 | D        | Reached ***** piety under Trog
   463 | D        | Reached skill level 13 in Short Blades
   463 | D        | Reached skill level 1 in Stealth
   463 | D        | Reached XP level 7. HP: 20/54 MP: 7/7
   463 | D        | Reached XP level 8. HP: 23/60 MP: 8/8
   471 | D        | Slain by a boulder beetle

Illustrated notes

Levels and vault maps discovered:
D:        linesprint [early_d, line_temple, items_1, d_10, items_2, lair_1,
          lair_end, items_3, orc_1, orc_end, items_4, d_15, swamp_1, shoals_1,
          snake_1, spider_1, d_20, vaults_1, items_5, swamp_end, shoals_end,
          snake_end, spider_end, vaults_end, d_27, items_6, zot_1, zot_end,
          crypt_end, forest_end, elf_end, slime_end, tomb_end, abyss_end,
          pan_hell_end]

Skill      XL: |  1  2  3  4  5  6 |
---------------+-------------------+-----
Fighting       | 4 5 7 8 11 | 11.2
Short Blades   | 5 6 9 10 13 | 13.5
Armour         | 2 3 4 |  4.9
Dodging        | 3 4 5 7 |  7.0
Stealth        | 1 |  1.0

Action                   |  1- 3 |  4- 6 |  7- 9 || total
-------------------------+-------+-------+-------++-------
Melee: Short sword       |    18 |       |       ||    18
       Rapier            |     2 |    28 |     6 ||    36
Invok: Berserk           |     3 |     1 |       ||     4
  Use: Potion            |       |     1 |       ||     1
Armor: Animal skin       |     2 |       |       ||     2
       Chain mail        |     3 |     2 |       ||     5
Dodge: Dodged            |     7 |     4 |     1 ||    12

Table legend: (Time is in decaauts)
 A = Elapsed time spent in this place.
 B = Non-inter-level travel time spent in this place.
 C = Inter-level travel time spent in this place.
 D = Time resting spent in this place.
 E = Time spent auto-exploring this place.
 F = Levels seen in this place.
 G = Mean time per level.
                   A        B        C        D        E       F      G
               +--------+--------+--------+--------+--------+-----+--------+
         Total |    468 |    468 |      0 |    328 |      3 |   1 |  468.0 |
       Dungeon |    468 |    468 |      0 |    328 |      3 |   1 |  468.0 |
               +--------+--------+--------+--------+--------+-----+--------+

Top non-repeatable levels by time:
       D: 468 daAuts
